Map: Ruins of Endion

Players

Miszu

  • Race: Zerg Zerg
  • League: Master

Atomic - Winner!

  • Race: Terran Terran

VOD

Have the link to the VOD?

Description

Time

  • Played on: June 20, 2016, 2:09 p.m.
  • Length: 15:12
Show
View Real Time Build Order
Export as new Build Order

Miszu Zerg 

Build Orders: Hatch First 

Get SALT Encoding   

  12  0:01  Drone  
  13  0:12  Drone  
  14  0:17  Extractor, Drone  
  15  0:23  Overlord  
  15  0:41  Drone x2  
  17  0:45  Drone  
  18  0:57  Hatchery  
  18  1:00  Drone  
  18  1:05  Extractor  
  18  1:06  Drone  
  18  1:19  Spawning Pool  
  18  1:22  Drone  
  18  1:29  Drone  
  19  1:42  Overlord  
  19  1:49  Drone  
  20  2:01  Drone  
  21  2:07  Queen  
  23  2:09  Queen  
  23  2:10  Zergling x4  
  27  2:22  Zergling x4  
  29  2:31  Drone  
  29  2:32  Drone  
  31  2:43  Overlord  
  31  2:50  Metabolic Boost  
  31  2:51  Drone  
  31  2:56  Drone x2  
  32  3:13  Queen  
  34  3:20  Pneumatized Carapace  
  34  3:24  Drone x10  
  43  3:37  Hatchery  
  42  3:43  Zergling x4  
  44  3:54  Overlord x2  
  44  4:06  Overlord x2  
  44  4:18  Zergling x8  
  44  4:20  Zergling x6  
  51  4:27  Drone  
  51  4:29  Roach Warren  
  51  4:32  Drone x3  
  51  4:35  Roach Warren, Extractor  
  51  4:36  Drone  
  46  4:56  Zergling x2  
  46  4:57  Zergling x6  
  50  5:01  Queen  
  52  5:09  Roach  
  52  5:10  Roach x7  
  68  5:22  Overlord  
  68  5:24  Lair  
  68  5:25  Drone x3  
  68  5:27  Extractor  
  70  5:29  Extractor, Drone x2  
  71  5:44  Ravager  
  71  5:45  Ravager x3  
  69  6:02  Ravager x2  
  69  6:03  Drone x2  
  69  6:04  Drone x7  
  80  6:14  Drone, Evolution Chamber  
  80  6:15  Evolution Chamber  
  80  6:16  Drone x2  
  81  6:35  Drone  
  81  6:36  Drone x5  
  81  6:37  Overlord  
  81  6:38  Overlord x3  
  81  6:39  Extractor  
  86  6:40  Extractor  
  86  6:44  Hatchery  
  86  6:45  Zerg Melee Weapons Level 1  
  86  6:46  Zerg Ground Armor Level 1  
  84  6:48  Roach  
  84  6:49  Roach  
  84  6:51  Infestation Pit  
  87  6:56  Drone x8  
  95  7:02  Drone x2  
  95  7:03  Drone  
  98  7:09  Drone x3  
  98  7:15  Ravager x3  
  104  7:17  Drone x3  
  104  7:30  Overseer x2  
  104  7:40  Roach x8  
  104  7:42  Hive  
  120  7:52  Spore Crawler  
  120  7:55  Spore Crawler  
  120  7:56  Spine Crawler  
  120  7:58  Extractor  
  116  8:00  Hatchery  
  116  8:03  Overlord x7  
  116  8:04  Extractor  
  114  8:11  Roach x5  
  124  8:32  Glial Reconstitution  
  119  8:39  Infestor x3, Roach  
  119  8:40  Infestor  
  129  8:46  Zerg Ground Armor Level 2  
  129  8:59  Overseer  
  129  9:02  Overlord  
  129  9:04  Roach x12  
  153  9:12  Spore Crawler  
  153  9:13  Spore Crawler  
  147  9:38  Drone x3  
  136  9:43  Ravager x5  
  140  9:50  Drone x3  
  140  9:51  Ultralisk Cavern, Drone x3  
  140  9:52  Overlord x4  
  145  9:53  Overlord  
  145  10:09  Spore Crawler x2  
  145  10:13  Roach  
  145  10:14  Roach x4  
  153  10:16  Zerg Melee Weapons Level 2  
  152  10:25  Spore Crawler  
  146  10:46  Overlord x3  
  144  11:22  Hatchery  
  143  11:26  Spore Crawler  
  143  11:27  Spore Crawler  
  143  11:31  Ultralisk  
  143  11:32  Chitinous Plating  
  147  11:34  Ultralisk x6  
  183  11:46  Overlord  
  183  11:48  Ultralisk  
  183  11:50  Spore Crawler  
  183  11:51  Extractor  
  183  11:54  Baneling Nest, Overseer  
  186  12:04  Viper  
  182  12:37  Drone x11  
  182  12:44  Spire  
  198  13:13  Ultralisk  
  198  13:17  Hatchery  
  198  13:18  Ravager x2  
  198  13:19  Ravager  
  192  13:34  Hatchery  
  176  13:59  Ravager x6  
  164  14:25  Zergling x18  
  164  14:26  Zergling x24  
Show
View Real Time Build Order
Export as new Build Order

Atomic Terran - Winner!

Build Orders: MMM Bio 

Get SALT Encoding   

  12  0:02  SCV  
  13  0:14  SCV  
  13  0:18  Supply Depot  
  14  0:25  Refinery  
  14  0:29  SCV  
  15  0:44  Barracks  
  15  0:49  SCV  
  16  1:01  SCV  
  17  1:13  SCV  
  18  1:32  Orbital Command  
  18  1:33  Marine  
  19  1:50  Factory  
  19  1:52  Barracks Reactor  
  19  1:59  SCV  
  20  2:10  Command Center  
  20  2:15  SCV  
  21  2:20  Supply Depot  
  21  2:29  Reaper x2  
  23  2:40  Factory Reactor  
  23  2:52  Command Center  
  23  3:15  Reaper  
  23  3:18  Hellion x2  
  23  3:19  SCV  
  29  3:30  Reaper  
  29  3:31  SCV  
  29  3:33  Orbital Command  
  31  3:34  Bunker  
  31  3:41  Hellion  
  33  3:43  Hellion  
  33  3:47  SCV  
  36  3:57  Barracks  
  36  4:00  SCV  
  36  4:01  SCV  
  40  4:19  Hellion x2  
  40  4:21  SCV  
  45  4:26  Supply Depot, Marine x2  
  45  4:27  SCV  
  45  4:28  Orbital Command  
  46  4:33  Refinery, SCV  
  47  4:39  SCV  
  47  4:45  SCV  
  49  4:52  Barracks Tech Lab  
  49  4:53  SCV  
  49  4:54  Hellion x2  
  49  4:57  SCV  
  55  5:00  Engineering Bay  
  55  5:01  Engineering Bay  
  55  5:02  Marine x2  
  55  5:05  SCV  
  58  5:07  Supply Depot  
  58  5:09  SCV  
  58  5:13  Stimpack  
  59  5:17  SCV  
  60  5:21  SCV  
  60  5:23  Widow Mine  
  60  5:24  Widow Mine  
  60  5:25  Marine x3  
  68  5:29  SCV  
  68  5:30  Supply Depot  
  68  5:31  Terran Infantry Weapons Level 1  
  68  5:34  Terran Infantry Armor Level 1  
  67  5:43  Marine x2  
  67  5:44  Marine, SCV, Orbital Command  
  67  5:45  SCV  
  70  5:56  SCV  
  71  6:00  Barracks  
  71  6:01  Marine  
  71  6:02  Factory Tech Lab, SCV  
  71  6:03  Starport  
  72  6:08  SCV  
  72  6:10  SCV  
  74  6:13  Refinery x2  
  74  6:14  Barracks  
  74  6:17  SCV  
  75  6:20  Armory  
  74  6:29  Marine x3  
  77  6:33  SCV x3  
  77  6:36  Siege Tank  
  83  6:41  Starport Reactor  
  83  6:45  Supply Depot, SCV  
  83  6:47  Supply Depot, Marine, Missile Turret  
  85  7:04  Supply Depot  
  85  7:06  Marine x5, SCV x3  
  93  7:09  Barracks Reactor  
  93  7:10  Supply Depot  
  93  7:11  Terran Vehicle Weapons Level 1  
  96  7:17  Refinery  
  96  7:18  SCV x3  
  96  7:21  Combat Shields  
  63  7:22  Medivac  
  99  7:25  Marine  
  99  7:28  Supply Depot  
  102  7:30  SCV  
  102  7:31  Terran Infantry Weapons Level 2  
  98  7:38  Marine x3  
  98  7:39  Terran Infantry Armor Level 2  
  98  7:43  Command Center, SCV x2  
  101  7:44  Refinery  
  101  7:47  Marine x4  
  101  7:49  Medivac  
  107  7:52  Supply Depot  
  107  7:54  SCV  
  107  7:56  Marine x2  
  110  8:03  Marine  
  110  8:05  Marine x2  
  113  8:07  Medivac, SCV  
  113  8:09  Supply Depot  
  113  8:10  SCV  
  113  8:11  Supply Depot, Marine  
  119  8:14  Marauder  
  119  8:15  SCV  
  121  8:21  SCV  
  118  8:28  SCV x2  
  120  8:36  Marine  
  120  8:37  Marine x3, Marauder  
  120  8:38  Medivac x2, SCV  
  120  8:40  SCV, Concussive Shells  
  132  8:42  Marine  
  132  8:43  Supply Depot, Marine  
  134  8:54  Marine, SCV  
  136  8:59  Marauder  
  136  9:00  Marine x2, Siege Tank  
  136  9:01  Marine  
  142  9:06  Marine x2  
  142  9:09  SCV  
  145  9:10  Barracks  
  145  9:11  Barracks  
  145  9:12  Terran Vehicle Weapons Level 2  
  145  9:20  Marauder  
  144  9:37  Marine x2  
  144  9:38  Medivac x2  
  137  9:39  Marine x2  
  137  9:40  Marine x2, Siege Tank  
  137  9:41  Marauder  
  136  9:52  Terran Infantry Weapons Level 3  
  136  9:55  Marine x2, Command Center  
  136  9:57  Marine x4  
  136  9:59  Marine x2  
  144  10:01  SCV  
  144  10:03  Marauder  
  147  10:08  Medivac x2  
  147  10:12  Marine, Siege Tank  
  147  10:13  Marine  
  156  10:20  SCV x2  
  156  10:30  Marine  
  156  10:31  Marine x2, Marauder  
  156  10:32  SCV  
  156  10:34  Marine x3  
  165  10:38  Medivac x2  
  169  10:49  Marine x2  
  165  10:50  Marine x2  
  165  10:53  Marauder  
  165  10:54  Marine  
  165  10:56  Marine  
  172  10:57  Marine, SCV  
  172  10:58  SCV  
  172  10:59  SCV  
  167  11:14  Marauder  
  167  11:19  Marine x7  
  167  11:25  Command Center  
  171  11:26  Terran Infantry Armor Level 3  
  171  11:27  Planetary Fortress  
  171  11:31  Marine, Siege Tank  
  175  11:35  Marauder  
  175  11:37  Marine x4  
  181  11:42  Supply Depot, Terran Vehicle Weapons Level 3  
  181  11:43  Supply Depot  
  181  11:44  Supply Depot  
  181  11:51  Refinery  
  181  11:53  Refinery  
  181  11:55  Marine x2  
  181  11:57  Barracks Reactor, Marauder  
  185  12:03  Barracks Tech Lab  
  185  12:09  Factory  
  185  12:10  Factory  
  185  12:11  Factory  
  185  12:18  Marauder  
  183  12:23  Liberator x2  
  164  12:33  Siege Tank  
  167  12:39  Marauder  
  167  12:42  Starport  
  175  12:45  Starport  
  175  12:49  Barracks Tech Lab  
  169  12:55  Starport  
  169  13:01  Marauder  
  169  13:04  Liberator x4  
  164  13:09  Factory Tech Lab x3  
  164  13:11  Planetary Fortress  
  163  13:23  Siege Tank  
  170  13:37  Liberator x2  
  170  13:38  Factory  
  158  13:53  Marine x6  
  159  13:56  Siege Tank  
  161  14:07  Barracks Tech Lab  
  161  14:11  Marine x4  
  161  14:12  Marauder  
  154  14:28  Siege Tank  
  140  14:53  Factory Tech Lab  
Tags
 
Composition
MMM Bio
League
Master
Matchup
TvZ
Player
Miszu
Add a new tag
Caveats
  • Supply blocks, unpowered buildings, or Contaminate may cause inaccurate times.
  • Supply counts are checked every 10 seconds.